 Dungeon Crawl Stone Soup version 0.30-a0-374-g95c0257040 (webtiles) character file.

Game seed: 5115709555220415673

86 pokeman the Magician (level 4, -4/25 HPs)
             Began as a Deep Elf Hedge Wizard on Nov 26, 2022.
             Slain by a goblin
             ... wielding a +0 club
             ... led by Robin
              (6 damage)
             ... on level 3 of the Dungeon.
             The game lasted 00:05:20 (3072 turns).

pokeman the Magician (Deep Elf Hedge Wizard)        Turns: 3072, Time: 00:05:21

Health: -4/25      AC:  4    Str:  7    XL:     4   Next: 27%
Magic:  1/13       EV: 12    Int: 21    God:
Gold:   106        SH:  0    Dex: 14    Spells: 6/14 levels left

rFire   . . .      SeeInvis .    n - +0 war axe
rCold   . . .      Faith    .    (no shield)
rNeg    . . .      Spirit   .    l - +0 leather armour
rPois   .          Reflect  .    c - +0 hat
rElec   .          Harm     .    (no cloak)
rCorr   .          Rampage  .    (no gloves)
Will    +....                    g - +0 pair of boots
Stlth   ++........               h - amulet of regeneration
HPRegen 1.04/turn                b - ring of willpower
MPRegen 0.13/turn                (no ring)

@: on blink cooldown
A: no striking features
a: no special abilities


You were on level 3 of the Dungeon.
You visited 1 branch of the dungeon, and saw 3 of its levels.

You collected 106 gold pieces.

Inventory:

Hand Weapons
 n - a +0 war axe (weapon)
Armour
 c - a +0 hat (worn)
 g - a +0 pair of boots (worn)
 l - a +0 leather armour (worn)
Jewellery
 b - a ring of willpower (left hand)
 h - an amulet of regeneration (around neck)
Wands
 s - a wand of paralysis (7)
Scrolls
 e - a scroll of magic mapping {unknown}
 f - 2 scrolls of enchant weapon {unknown}
 i - 2 scrolls of teleportation {unknown}
 k - 3 scrolls of identify {unknown}
 o - a scroll of immolation {unknown}
Potions
 a - 3 potions of degeneration {unknown}
 d - 2 potions of magic
 j - a potion of haste
 m - a potion of mutation {unknown}
 p - a potion of might {unknown}
 q - a potion of resistance {unknown}
 r - a potion of curing {unknown}


   Skills:
 - Level 1.1 Fighting
 - Level 1.0 Armour
 + Level 2.7 Dodging
 + Level 2.4 Stealth
 * Level 5.6 Spellcasting
 + Level 2.1 Conjurations
 - Level 1.1 Summonings
 - Level 1.1 Translocations


You had 6 spell levels left.
You knew the following spells:

 Your Spells              Type           Power      Damage    Failure   Level
a - Magic Dart            Conj           60%        1d6       6%          1
b - Mephitic Cloud        Conj/Pois/Air  8%         N/A       32%         3
c - Call Imp              Summ           10%        N/A       14%         2
d - Blink                 Tloc           20%        N/A       14%         2

Your spell library contained the following spells:

 Spells                   Type           Power      Damage    Failure   Level
 Slow                     Hex            20%        N/A       16%         1
 Sting                    Tmut/Pois      20%        1d4       16%         1
 Cigotuvi's Dreadful Rot  Necr/Pois/Air  10%        N/A       22%         2
 Poisonous Vapours        Pois/Air       10%        N/A       22%         2
 Portal Projectile        Hex/Tloc       16%        N/A       34%         3
 Tukima's Dance           Hex            5%         N/A       41%         3
 Olgreb's Toxic Radiance  Pois           5%         N/A       83%         4
 Blade Hands              Tmut           2%         N/A       99%         5


Dungeon Overview and Level Annotations

Branches:
Dungeon (3/15)

Altars:

Annotations:
D:3 Robin


Message History

A sling bullet appears from out of your range of vision.
The sling bullet hits your crimson imp.
The hobgoblin hits you but does no damage.
The goblin barely misses your crimson imp.
The goblin misses you.
You barely miss the goblin. You hit the hobgoblin.
You kill the hobgoblin!
Your crimson imp blinks!
The goblin hits you with a +0 club. Robin closely misses you.
Unknown command.
You miss the goblin. You closely miss Robin.
The goblin no longer looks unusually strong.
Robin roars a battlecry!
The goblin goes into a battle-frenzy!
The goblin hits you with a +0 club. Robin closely misses you.
The goblin hits you with a +0 club.
Unknown command.
You closely miss the goblin. You hit Robin.
The goblin no longer looks unusually strong.
Robin roars a battlecry!
The goblin goes into a battle-frenzy!
The goblin barely misses you.
You hear a whirring sound.
The sling bullet closely misses your crimson imp.
A sling bullet appears from out of your range of vision.
Your crimson imp blinks!
You slash Robin!
Robin is heavily wounded.
You hit the goblin. The goblin hits you with a +0 club.
Robin hits you with a +0 mace.
You hear a whirring sound.
The goblin hits you with a +0 club.
* * * LOW HITPOINT WARNING * * *
Casting: Call Imp (safe; 14% risk of failure)
Confirm with . or Enter, or press ? or * to list all spells.
You blink.
Robin throws the goblin at you! The goblin hits you with a +0 dagger.
* * * LOW HITPOINT WARNING * * *
The goblin hits you with a +0 club.
You die...

#......# ##..#### ..# #..#
..# #..# .. #..#####.. #.#
# #......... ..#
#.##.)#####.. ..#
#.#.....#############..#
#............g@gg).)...#
#..##.#.#############....#
## #.#.# ..#.# #...# ....#
##..# #)g.# ##.# )..# #.#
g#.# ..# g#.#


You could see Robin (fast) and 2 goblins.

Vanquished Creatures
  2 worms (D:2)
  2 dart slugs
  An orc (D:3)
  8 endoplasms
  3 giant cockroaches
  13 goblins
  5 hobgoblins
  6 jackals
  2 kobolds (D:2)
  A quokka (D:1)
  5 ball pythons
  10 bats
  3 frilled lizards
  6 rats
67 creatures vanquished.

Notes
Turn   | Place    | Note
-------+----------+-------------------------------------------
     0 | D:1      | pokeman the Deep Elf Hedge Wizard began the quest for the
                  | Orb.
     0 | D:1      | Reached XP level 1. HP: 10/10 MP: 7/7
   221 | D:1      | Reached XP level 2. HP: 16/16 MP: 3/9
   897 | D:1      | Reached skill level 5 in Spellcasting
  1123 | D:1      | Reached XP level 3. HP: 20/20 MP: 9/11
  1127 | D:1      | Learned a level 3 spell: Mephitic Cloud
  1130 | D:1      | Learned a level 2 spell: Call Imp
  1133 | D:1      | Learned a level 2 spell: Blink
  1755 | D:2      | Reached skill level 1 in Armour
  1954 | D:2      | Reached skill level 1 in Fighting
  2709 | D:2      | Reached XP level 4. HP: 25/25 MP: 9/13
  3052 | D:3      | Noticed Robin
  3072 | D:3      | Slain by a goblin

Illustrated notes

Levels and vault maps discovered:
D:1:      nzn_arrival_settlement, layout_basic, minmay_vboxes
D:2:      layout_basic
D:3:      minmay_door_path, layout_rooms, serial_shops, shop, uniq_robin

Skill      XL: |  1  2  3 |
---------------+----------+-----
Spellcasting   | 5 |  5.6
Armour         | 1 |  1.0
Fighting       | 1 |  1.1
Conjurations   | 2 |  2.1
Dodging        | |  2.7
Stealth        | |  2.4
Summonings     | |  1.1
Translocations | |  1.1

Action                   |  1- 3 |  4- 6 || total
-------------------------+-------+-------++-------
Melee: Dagger            |    13 |       ||    13
       War axe           |    16 |     9 ||    25
       Punch             |     1 |       ||     1
 Cast: Magic Dart        |   130 |    33 ||   163
       Blink             |       |     1 ||     1
       Call Imp          |       |     1 ||     1
Armor: Robe              |     3 |       ||     3
       Leather armour    |     9 |     9 ||    18
Dodge: Dodged            |    30 |    14 ||    44

Table legend: (Time is in decaauts)
 A = Elapsed time spent in this place.
 B = Non-inter-level travel time spent in this place.
 C = Inter-level travel time spent in this place.
 D = Time resting spent in this place.
 E = Time spent auto-exploring this place.
 F = Levels seen in this place.
 G = Mean time per level.
                   A        B        C        D        E       F      G
               +--------+--------+--------+--------+--------+-----+--------+
         Total |   3082 |   2999 |     83 |    100 |   2491 |   3 | 1027.3 |
       Dungeon |   3082 |   2999 |     83 |    100 |   2491 |   3 | 1027.3 |
               +--------+--------+--------+--------+--------+-----+--------+

Top non-repeatable levels by time:
     D:1: 1517 daAuts
     D:2: 1301 daAuts
     D:3: 264 daAuts
